 Dungeon Sprint DCSS version 0.30-a0-613-gdd512c7efb (webtiles) character file.

Game seed: 961306308261583157

9171 mhtbhm the Brawler (level 11, -4/117 HPs)
             Began as a Troll Transmuter on Jan 9, 2023.
             Was an Initiate of Gozag.
             Killed from afar by Sigmund (46 damage)
             ... with a bolt of fire
             ... in the Dungeon (Sprint III: "The Ten Rune Challenge").
             The game lasted 00:05:52 (1460 turns).

mhtbhm the Brawler (Troll Transmuter)               Turns: 1460, Time: 00:05:53

Health: -4/117     AC:  6    Str: 24    XL:     11   Next: 19%
Magic:  18/22      EV: 12    Int:  9    God:    Gozag
Gold:   8210       SH:  0    Dex: 10    Spells: 17/27 levels left

rFire   x . .      SeeInvis .      - Unarmed
rCold   + + +      Faith    .    (shield currently unavailable)
rNeg    . . .      Spirit   .    (body armour currently unavailable)
rPois   +          Reflect  .    (helmet currently unavailable)
rElec   .          Harm     .    (cloak currently unavailable)
rCorr   .          Rampage  .    (gloves unavailable)
Will    .....      NoTele   +    (boots unavailable)
Stlth   ++                       (no amulet)
HPRegen 1.19/turn                (no ring)
MPRegen 0.18/turn                (no ring)

@: ice-form, wereblooded, gold aura
A: freezing attack, amphibious, boosted hp, large, unfitting armour, (claws 3),
regeneration 1, (shaggy fur 1), (tough skin 1)
a: End Transformation, Renounce Religion, Potion Petition, Call Merchant, Bribe
Branch


You were in the Dungeon.
You worshipped Gozag.
Gozag was greatly pleased with you.
You were a creature of crystalline ice.
You visited 1 branch You collected 8210 gold pieces.

Inventory:

Armour
 a - a +0 robe (melded)
 h - a +2 robe of willpower
Scrolls
 i - 2 scrolls of immolation {unknown}
 j - a scroll of identify {unknown}
 l - a scroll of fog {unknown}
Potions
 b - a potion of lignification
 c - a potion of curing
 d - a potion of heal wounds
 e - a potion of haste
 f - 2 potions of magic
 k - a potion of flight {unknown}
 m - 5 potions of mutation
Miscellaneous
 g - a tin of tremorstones (1/2)


   Skills:
 + Level 3.8 Fighting
 + Level 7.4 Dodging
 + Level 2.9 Stealth
 + Level 17.0 Unarmed Combat
 + Level 8.6 Spellcasting
 + Level 9.0 Transmutations
 + Level 4.4 Ice Magic
 + Level 3.3 Poison Magic
 + Level 3.5 Evocations


You had 17 spell levels left.
You knew the following spells:

 Your Spells              Type           Power      Damage    Failure   Level
a - Beastly Appendage     Tmut           40%        N/A       1%          1
b - Wereblood             Tmut           20%        N/A       1%          2
c - Spider Form           Tmut/Pois      14%        N/A       4%          3
d - Ice Form              Ice/Tmut       15%        N/A       11%         4

Your spell library contained the following spells:

 Spells                   Type           Power      Damage    Failure   Level
 Apportation              Tloc           6%         N/A       17%         1
 Necrotise                Necr           12%        1d4       17%         1
 Summon Small Mammal      Summ           12%        N/A       17%         1
 Summon Forest            Summ/Tloc      1%         N/A       99%         5
 Summon Mana Viper        Hex/Summ       3%         N/A       99%         5
 Summon Cactus Giant      Summ           1%         N/A       100%        6


Dungeon Overview and Level Annotations

Branches:
Dungeon (1/1)

Altars:
Cheibriados
Dithmenos
Elyvilon
Fedhas
Gozag
Hepliaklqana
Kikubaaqudgha
Makhleb
Nemelex Xobeh
Okawaru
Qazlal
Ru
Sif Muna
Trog
Uskayaw
Vehumet
Wu Jian
Xom
Yredelemnul
Zin
The Shining One
Jiyva
Lugonu

Shops:
D (

Annotations:
D Sigmund


Innate Abilities, Weirdness & Mutations

You are a creature of crystalline ice.
You have a powerful freezing melee attack.
You are amphibious.
Your maximum health is increased.
Your armour is entirely melded.
You are incapable of wielding weapons or throwing items.
You are too large for most types of armour.
((You have claws for hands.))
Your natural rate of healing is unusually fast.
((You are covered in fur. (AC +1)))
((You have tough skin. (AC +1)))


Message History

You barely miss Edmund.
Edmund is heavily wounded.
Edmund closely misses you.
You pummel Edmund!! You freeze Edmund.
Edmund is severely wounded.
Something hits you. Edmund barely misses you.
You hit Edmund. You freeze Edmund.
Edmund is severely wounded.
You punch Edmund! You freeze Edmund.
Edmund is almost dead.
Something hits you.
Edmund hits you with a +1 great mace of freezing!
Edmund freezes you.
You hit Edmund. You freeze Edmund.
Edmund is almost dead.
Edmund barely misses you.
You pummel Edmund!! You freeze Edmund.
You feel a bit better.
You kill Edmund!
Something hits you!
Your tin of tremorstones (1/2) has regained one charge.
Your Unarmed Combat skill increases to level 17!
Your Transmutations skill increases to level 9!
There is an open door, spattered with blood here.
Things that are here:
45 gold pieces; a +1 great mace of freezing; 7 curare-tipped darts You punch something!
You freeze something.
You hear some strange, mumbled words.
A lance of force appears from out of thin air!
The lance of force hits you!!
You closely miss something.
You hear some strange, mumbled words.
Something tries to affect you, but you resist.
You punch something! You freeze something. You barely miss something.
You howl as the wereblood boils in your veins!
You hear some strange, mumbled words.
A bolt of fire appears from out of thin air!
The bolt of fire hits you!!! The fire burns you terribly!
You die...
Your body crumbles into a pile of gold.

#....#.#.#..)).#....^.'...~≈#
##.#).#.##.###.#....^.#...~≈###
'##)#.#.##.#.)##......#...~≈≈≈#
#...#..#..##..'....^..#...~~~~#
▓▓▓▓▓▓▓▓▓▓▓▓▓▓#.^^....#.......#
........~~~...#^....^.#.......#
≈≈≈≈≈≈≈≈≈≈♣♣P.'^.....^#.......#
♣♣♣♣♣♣♣♣♣♣♣♣PP#...^...#########
♣♣♣##Y###### #.{.+ $$#...#
$$#...# #####


There were no monsters in sight!

Vanquished Creatures
  Erolcha (D)
  2 orc high priests (D)
  A deep elf pyromancer (D)
  Edmund (D)
  2 cane toads (D)
  A rime drake (D)
  A komodo dragon (D)
  A queen bee (D)
  2 tyrant leeches (D)
  5 blink frogs (D)
  A shadow (D)
  3 redbacks (D)
  A spatial vortex (D)
  3 wandering mushrooms (D)
  A swamp drake (D)
  5 two-headed ogres (D)
  A necrophage (D)
  A scorpion (D)
  A water elemental (D)
  32 killer bees (D)
  3 orc priests (D)
  A jelly (D)
  A wizard (D)
  Jessica (D)
  A necromancer (D)
  6 orc wizards (D)
  3 humans (D)
  A kobold demonologist (D)
  7 orcs (D)
  3 rats (D)
93 creatures vanquished.

Notes
Turn   | Place    | Note
-------+----------+-------------------------------------------
     0 | D        | mhtbhm the Troll Transmuter began the quest for the Orb.
     0 | D        | Reached XP level 1. HP: 18/18 MP: 1/1
    40 | D        | Noticed Jessica
    43 | D        | Killed Jessica
    44 | D        | Reached skill level 5 in Unarmed Combat
    44 | D        | Reached XP level 2. HP: 26/26 MP: 0/3
    51 | D        | Learned a level 2 spell: Wereblood
    96 | D        | Reached skill level 6 in Unarmed Combat
    96 | D        | Reached XP level 3. HP: 29/32 MP: 1/5
   154 | D        | Learned a level 3 spell: Spider Form
   335 | D        | Noticed a scorpion
   343 | D        | Killed a scorpion
   344 | D        | Reached skill level 7 in Unarmed Combat
   344 | D        | Reached XP level 4. HP: 34/40 MP: 1/6
   402 | D        | Noticed a water elemental
   405 | D        | Killed a water elemental
   406 | D        | Reached skill level 1 in Poison Magic
   406 | D        | Reached XP level 5. HP: 46/46 MP: 2/8
   433 | D        | Learned a level 4 spell: Ice Form
   448 | D        | Noticed a shadow
   456 | D        | Killed a shadow
   457 | D        | Reached skill level 9 in Unarmed Combat
   457 | D        | Reached XP level 6. HP: 41/54 MP: 6/10
   461 | D        | Found a blossoming altar of Fedhas.
   461 | D        | Found a stormy altar of Qazlal.
   463 | D        | Found a snail-covered altar of Cheibriados.
   463 | D        | Found a burning altar of Makhleb.
   463 | D        | Found a hazy altar of Hepliaklqana.
   463 | D        | Found a shimmering altar of Xom.
   463 | D        | Found an opulent altar of Gozag.
   463 | D        | Found a sparkling altar of Nemelex Xobeh.
   463 | D        | Found a corrupted altar of Lugonu.
   463 | D        | Found a viscous altar of Jiyva.
   463 | D        | Noticed a spatial vortex
   469 | D        | Killed a spatial vortex
   470 | D        | Reached skill level 5 in Dodging
   473 | D        | Became a worshipper of Gozag Ym Sagoz the Greedy
   490 | D        | Found a shadowy altar of Dithmenos.
   497 | D        | Reached skill level 5 in Transmutations
   497 | D        | Reached XP level 7. HP: 46/61 MP: 6/12
   497 | D        | Found a basalt altar of Yredelemnul.
   497 | D        | Found a sacrificial altar of Ru.
   500 | D        | Reached skill level 1 in Fighting
   500 | D        | Reached skill level 1 in Stealth
   500 | D        | Reached skill level 10 in Unarmed Combat
   523 | D        | Found a radiant altar of Vehumet.
   524 | D        | Found a shimmering blue altar of Sif Muna.
   524 | D        | Found an ancient bone altar of Kikubaaqudgha.
   603 | D        | Found a hide-covered altar of Uskayaw.
   603 | D        | Found an iron altar of Okawaru.
   603 | D        | Found a bloodstained altar of Trog.
   603 | D        | Found an ornate altar of the Wu Jian Council.
   603 | D        | Noticed a human
   603 | D        | Noticed a human
   613 | D        | Killed a human
   614 | D        | Reached skill level 5 in Spellcasting
   620 | D        | Killed a human
   623 | D        | Found a glowing silver altar of Zin.
   623 | D        | Found a glowing golden altar of the Shining One.
   623 | D        | Found a white marble altar of Elyvilon.
   623 | D        | Noticed a deep elf pyromancer
   624 | D        | Noticed a fire elemental
   624 | D        | Noticed a fire elemental
   638 | D        | Killed a deep elf pyromancer
   639 | D        | Reached skill level 11 in Unarmed Combat
   639 | D        | Reached XP level 8. HP: 23/70 MP: 9/15
   754 | D        | Reached skill level 12 in Unarmed Combat
   772 | D        | Noticed a two-headed ogre
   772 | D        | Noticed Erolcha
   775 | D        | Killed a two-headed ogre
   776 | D        | Reached skill level 1 in Ice Magic
   777 | D        | Noticed a two-headed ogre
   784 | D        | Killed a two-headed ogre
   785 | D        | Reached skill level 1 in Evocations
   785 | D        | Reached XP level 9. HP: 52/79 MP: 8/17
   787 | D        | Reached skill level 13 in Unarmed Combat
   788 | D        | Killed Erolcha
   871 | D        | Noticed a wandering mushroom
   877 | D        | Noticed a wandering mushroom
   879 | D        | Noticed a wandering mushroom
   908 | D        | Reached skill level 14 in Unarmed Combat
   947 | D        | Noticed a cane toad
   947 | D        | Noticed a komodo dragon
   947 | D        | Noticed a cane toad
   951 | D        | Killed a komodo dragon
   953 | D        | Killed a cane toad
   955 | D        | Killed a cane toad
   956 | D        | Reached XP level 10. HP: 88/88 MP: 15/20
   996 | D        | Reached skill level 15 in Unarmed Combat
  1172 | D        | Noticed an orc high priest
  1173 | D        | Noticed an orc high priest
  1175 | D        | Killed an orc high priest
  1176 | D        | Reached skill level 16 in Unarmed Combat
  1176 | D        | Found Aginal's Antique Weapon Emporium.
  1178 | D        | Killed an orc high priest
  1352 | D        | Reached XP level 11. HP: 98/98 MP: 15/22
  1444 | D        | Noticed Sigmund
  1444 | D        | Noticed Edmund
  1455 | D        | Killed Edmund
  1456 | D        | Reached skill level 17 in Unarmed Combat
  1460 | D        | Killed from afar by Sigmund

Illustrated notes

Levels and vault maps discovered:
D:        dungeon_sprint_mu [sprint_mu_entry_cave, sprint_mu_temple_rooms,
          sprint_mu_d1_spiders, sprint_mu_d2_genie, sprint_mu_d3_branching,
          sprint_mu_orc_legion, sprint_mu_elf_gauntlet, sprint_mu_hive_nellie,
          sprint_mu_lair_fedhas, sprint_mu_vaults_butterflies,
          sprint_mu_slime_circle, sprint_mu_swamp_cave, sprint_mu_shoals_archi,
          sprint_mu_blade_basic, sprint_mu_crypt_fortress,
          sprint_mu_tomb_spiral, sprint_mu_vestibule_basic,
          sprint_mu_gehenna_hellfire, sprint_mu_dis_giant,
          sprint_mu_tartarus_statrot, sprint_mu_cocytus_islands, sprint_mu_zot1]

Skill      XL: |  1  2  3  4  5  6  7  8  9 10 11 |
---------------+----------------------------------+-----
Dodging        | 2 3 4 5 6 7 |  7.4
Unarmed Combat | 5 6 7 9 11 12 14 16 17 | 17.0
Transmutations | 2 3 4 5 6 7 8 9 |  9.0
Spellcasting   | 2 3 4 5 6 7 8 |  8.6
Poison Magic   | 1 2 3 |  3.3
Fighting       | 1 2 3 |  3.8
Stealth        | 1 2 |  2.9
Ice Magic      | 1 2 4 |  4.4
Evocations     | 1 2 3 |  3.5

Action                   |  1- 3 |  4- 6 |  7- 9 | 10-12 || total
-------------------------+-------+-------+-------+-------++-------
Melee: Unarmed           |    23 |    18 |    68 |    60 ||   169
       Headbutt          |     2 |     4 |       |       ||     6
       Kick              |     1 |     4 |     1 |       ||     6
 Cast: Beastly Appendage |     2 |     4 |     1 |       ||     7
       Wereblood         |     1 |     3 |     6 |     5 ||    15
       Spider Form       |     1 |       |     2 |       ||     3
       Ice Form          |       |       |     4 |     5 ||     9
Evoke: Wand              |       |       |     4 |       ||     4
       Tin of tremorston |       |       |     4 |     5 ||     9
  Use: Potion            |       |     2 |     1 |       ||     3
       Scroll            |       |       |     1 |       ||     1
 Stab: Distracted        |       |       |       |     2 ||     2
Armor: Robe              |     2 |     4 |     1 |       ||     7
       Skin              |       |       |     6 |     7 ||    13
Dodge: Dodged            |    15 |     5 |    49 |    21 ||    90

Table legend: (Time is in decaauts)
 A = Elapsed time spent in this place.
 B = Non-inter-level travel time spent in this place.
 C = Inter-level travel time spent in this place.
 D = Time resting spent in this place.
 E = Time spent auto-exploring this place.
 F = Levels seen in this place.
 G = Mean time per level.
                   A        B        C        D        E       F      G
               +--------+--------+--------+--------+--------+-----+--------+
         Total |   1429 |   1429 |      0 |    526 |     26 |   1 | 1429.0 |
       Dungeon |   1429 |   1429 |      0 |    526 |     26 |   1 | 1429.0 |
               +--------+--------+--------+--------+--------+-----+--------+

Top non-repeatable levels by time:
       D: 1429 daAuts
